 Dungeon Crawl Stone Soup version 0.29.1-2-gbd0b4ee654 (webtiles) character file.

Game seed: 9777231981500395286

494 Groucho the Basher (level 7, 0/52 HPs)
             Began as a Gnoll Wanderer on Nov 4, 2022.
             Was an Initiate of Gozag.
             Slain by an orc
             ... wielding a +0 whip
              (5 damage)
             ... on level 6 of the Dungeon.
             The game lasted 00:06:24 (4621 turns).

Groucho the Basher (Gnoll Wanderer)                 Turns: 4621, Time: 00:06:25

Health: 0/52       AC:  5    Str: 14    XL:     7   Next: 15%
Magic:  10/10      EV: 11    Int: 11    God:    Gozag
Gold:   210        SH:  5    Dex: 11    Spells: 10/10 levels left

rFire   . . .      SeeInvis .   a - +2 mace
rCold   . . .      Faith    .   c - +0 buckler
rNeg    . . .      Spirit   .   e - +0 leather armour
rPois   .          Reflect  .   (no helmet)
rElec   .          Harm     .   r - +0 cloak
rCorr   .          Rampage  .   h - +0 pair of gloves
Will    .....                   (no boots)
Stlth   ++........              (no amulet)
HPRegen 0.17/turn               (no ring)
MPRegen 0.12/turn               (no ring)

@: lethally poisoned (0 -> -2), gold aura
A: fangs 1, strong nose, distributed training
a: Renounce Religion, Potion Petition, Call Merchant, Bribe Branch


You were on level 6 of the Dungeon.
You worshipped Gozag.
Gozag was aware of your devotion.
You visited 1 branch of the dungeon, and saw 6 of its levels.

You collected 288 gold pieces.
You paid 78 gold pieces to Gozag.

Inventory:

Hand Weapons
 a - a +2 mace (weapon)
Missiles
 f - 4 poisoned darts (quivered)
 g - 39 stones
Armour
 c - a +0 buckler (worn)
 e - a +0 leather armour (worn)
 h - a +0 pair of gloves (worn)
 r - a +0 cloak (worn)
Jewellery
 j - an amulet of faith
Wands
 q - a wand of charming (3)
 y - a wand of flame (16)
Scrolls
 b - a scroll of fog
 d - a scroll of enchant weapon {unknown}
 i - a scroll of torment {unknown}
 k - a scroll of amnesia {unknown}
 l - 2 scrolls of identify {unknown}
 n - 2 scrolls of immolation {unknown}
 o - a scroll of blinking {unknown}
 t - a scroll of silence {unknown}
 u - a scroll of teleportation {unknown}
 v - a scroll of poison {unknown}
 z - a scroll of enchant armour {unknown}
Potions
 m - a potion of curing
 p - a potion of flight {unknown}
 s - 2 potions of mutation {unknown}
 w - a potion of might {unknown}
 x - a potion of magic {unknown}


   Skills:
 + Level 3.5 Fighting
 + Level 2.4 Short Blades
 + Level 2.4 Long Blades
 + Level 2.4 Axes
 + Level 10.7 Maces & Flails
 + Level 2.4 Polearms
 + Level 2.4 Staves
 + Level 2.4 Ranged Weapons
 + Level 2.4 Throwing
 + Level 2.4 Armour
 + Level 2.4 Dodging
 + Level 2.4 Stealth
 + Level 7.0 Shields
 + Level 2.4 Unarmed Combat
 + Level 2.4 Spellcasting
 + Level 2.0 Conjurations
 + Level 2.0 Hexes
 + Level 2.0 Summonings
 + Level 2.0 Necromancy
 + Level 2.0 Translocations
 + Level 2.0 Transmutations
 + Level 2.0 Fire Magic
 + Level 2.0 Ice Magic
 + Level 2.0 Air Magic
 + Level 2.0 Earth Magic
 + Level 2.0 Poison Magic
 + Level 3.7 Invocations
 + Level 2.4 Evocations


You had 10 spell levels left.
You didn't know any spells.
Your spell library contained the following spells:

 Spells                   Type           Power      Damage    Failure   Level
 Foxfire                  Conj/Fire      20%        2x1d5     19%         1
 Conjure Flame            Conj/Fire      5%         6-21      50%         3
 Inner Flame              Hex/Fire       5%         N/A       50%         3
 Tukima's Dance           Hex            5%         N/A       50%         3
 Flame Wave               Conj/Fire      5%         2d5       88%         4
 Passage of Golubria      Tloc           5%         N/A       88%         4
 Yara's Violent Unravell  Hex/Tmut       2%         3d3       99%         5


Dungeon Overview and Level Annotations

Branches:
Dungeon (6/15)
 Temple: D:4-7

Altars:
Fedhas
Gozag
Nemelex Xobeh

Shops:
D:1 (   D:5 *


Innate Abilities, Weirdness & Mutations

You have very sharp teeth.
Your uncanny sense of smell can sniff out nearby items.
Your experience applies equally to all skills.


Message History

The orc priest is distracted by your dazzling golden aura.
The orc hits you but does no damage. The adder bites you but does no damage.
The adder closely misses you. The orc barely misses you.
You block the orc's attack.
Things that are here:
41 gold pieces; a +0 whip; a +0 giant club You hit the orc priest.
The orc priest is no longer distracted by gold.
Your bite misses the orc priest.
The orc priest is moderately wounded.
You block the adder's attack. The orc hits you with a +0 club.
* * * LOW HITPOINT WARNING * * *
The orc priest hits you with a +0 short sword.
* * * LOW HITPOINT WARNING * * *
The orc closely misses you.
You hit the orc priest but do no damage.
The orc priest is moderately wounded.
The adder bites you.
* * * LOW HITPOINT WARNING * * *
You are poisoned.
The adder poisons you!
You thump the orc priest!
The orc priest is almost dead.
You feel sick. The adder bites you but does no damage.
The orc is distracted by your dazzling golden aura.
You block the orc priest's attack.
The orc is distracted by your dazzling golden aura.
The orc shouts! x2
You hit the orc priest but do no damage.
The orc priest is almost dead.
You feel sick. The adder bites you but does no damage.
The orc priest looks braver for a moment.
You hit the orc priest.
You kill the orc priest!
You feel sick.
The orc is no longer distracted by gold. x2
The adder barely misses you. You block the orc's attack.
The orc hits you with a +0 whip.
You die...
Your body crumbles into a pile of gold.

$ ....>..
....... .......
....... ###
.....>.####....
..........#
#.S$...#
###@### #.o.o.#
#.....# #.....#
#.....# #.<...#
####### $


You could see an adder and 2 orcs.

Vanquished Creatures
  An ice beast (D:6)
  An ogre (D:6)
  2 bullfrogs (D:6)
  A jelly (D:4)
  An orc priest (D:6)
  A gnoll (D:3)
  7 adders
  2 worms
  2 dart slugs (D:4)
  3 orcs
  9 bats
  7 endoplasms
  2 giant cockroaches (D:2)
  13 goblins
  8 hobgoblins
  A jackal (D:2)
  3 quokkas
  11 ball pythons
  8 frilled lizards
  4 kobolds
  3 rats
90 creatures vanquished.

Vanquished Creatures (others)
  3 plants (D:4)
3 creatures vanquished.

Grand Total: 93 creatures vanquished

Notes
Turn   | Place    | Note
-------+----------+-------------------------------------------
     0 | D:1      | Reached skill level 10 in Maces & Flails
     0 | D:1      | Groucho the Gnoll Wanderer began the quest for the Orb.
     0 | D:1      | Groucho set off with the following items: a +2 mace, a
                  | scroll of fog, a +0 buckler, a potion of heal wounds, a +0
                  | leather armour.
     0 | D:1      | Reached XP level 1. HP: 17/17 MP: 2/2
    84 | D:1      | Found Douckom's Antique Weapon Shoppe.
   248 | D:1      | Reached XP level 2. HP: 23/23 MP: 3/3
   730 | D:2      | Found a sparkling altar of Nemelex Xobeh.
   901 | D:2      | Reached XP level 3. HP: 27/28 MP: 4/4
  1271 | D:2      | Reached skill level 1 in Short Blades
  1271 | D:2      | Reached skill level 1 in Long Blades
  1271 | D:2      | Reached skill level 1 in Axes
  1271 | D:2      | Reached skill level 1 in Polearms
  1271 | D:2      | Reached skill level 1 in Staves
  1271 | D:2      | Reached skill level 1 in Ranged Weapons
  1271 | D:2      | Reached skill level 1 in Throwing
  1271 | D:2      | Reached skill level 1 in Armour
  1271 | D:2      | Reached skill level 1 in Dodging
  1271 | D:2      | Reached skill level 1 in Stealth
  1271 | D:2      | Reached skill level 1 in Unarmed Combat
  1271 | D:2      | Reached skill level 1 in Spellcasting
  1271 | D:2      | Reached skill level 1 in Evocations
  1862 | D:2      | Reached XP level 4. HP: 34/34 MP: 6/6
  2291 | D:2      | Reached skill level 1 in Conjurations
  2291 | D:2      | Reached skill level 1 in Hexes
  2291 | D:2      | Reached skill level 1 in Summonings
  2291 | D:2      | Reached skill level 1 in Necromancy
  2291 | D:2      | Reached skill level 1 in Translocations
  2291 | D:2      | Reached skill level 1 in Transmutations
  2291 | D:2      | Reached skill level 1 in Fire Magic
  2291 | D:2      | Reached skill level 1 in Ice Magic
  2291 | D:2      | Reached skill level 1 in Air Magic
  2291 | D:2      | Reached skill level 1 in Earth Magic
  2291 | D:2      | Reached skill level 1 in Poison Magic
  2707 | D:3      | Reached XP level 5. HP: 40/40 MP: 7/7
  3574 | D:4      | Found a blossoming altar of Fedhas.
  4170 | D:4      | Found an opulent altar of Gozag.
  4213 | D:4      | Became a worshipper of Gozag Ym Sagoz the Greedy
  4234 | D:5      | Entered Level 5 of the Dungeon
  4234 | D:5      | Found Modokhan's Assorted Antiques.
  4270 | D:5      | Noticed an ice beast
  4386 | D:6      | Reached XP level 6. HP: 18/47 MP: 8/8
  4581 | D:6      | Noticed an ice beast
  4593 | D:6      | Killed an ice beast
  4602 | D:6      | Reached XP level 7. HP: 25/52 MP: 8/10
  4621 | D:6      | Slain by an orc

Illustrated notes

Levels and vault maps discovered:
D:1:      dpeg_arrival_signposts, layout_rooms, serial_shops, shop
D:2:      minmay_thinvault, layout_rooms, basic_altar
D:3:      layout_loops_ring, wad_rectangle_vault
D:4:      layout_basic, mainiacjoe_overflow_big_doors
D:5:      layout_loops_corners, mainiacjoe_overflow_paths,
          mainiacjoe_overflow_boulevard, serial_shops, nicolae_stop_n_shop_1
D:6:      layout_loops_cross, yredelemnul_altar_generic, amcnicky_altar_gilded,
          minmay_temple_entry_wispy, nicolae_ossuary_entry_ruins

Skill      XL: |  1  2  3  4  5  6  7 |
---------------+----------------------+-----
Maces & Flails | | 10.7
Short Blades   | 1 2 |  2.4
Long Blades    | 1 2 |  2.4
Axes           | 1 2 |  2.4
Polearms       | 1 2 |  2.4
Staves         | 1 2 |  2.4
Ranged Weapons | 1 2 |  2.4
Throwing       | 1 2 |  2.4
Armour         | 1 2 |  2.4
Dodging        | 1 2 |  2.4
Stealth        | 1 2 |  2.4
Unarmed Combat | 1 2 |  2.4
Spellcasting   | 1 2 |  2.4
Evocations     | 1 2 |  2.4
Conjurations   | 1 2 |  2.0
Hexes          | 1 2 |  2.0
Summonings     | 1 2 |  2.0
Necromancy     | 1 2 |  2.0
Translocations | 1 2 |  2.0
Transmutations | 1 2 |  2.0
Fire Magic     | 1 2 |  2.0
Ice Magic      | 1 2 |  2.0
Air Magic      | 1 2 |  2.0
Earth Magic    | 1 2 |  2.0
Poison Magic   | 1 2 |  2.0
Invocations    | 3 |  3.7
Fighting       | 3 |  3.5
Shields        | 7 |  7.0

Action                   |  1- 3 |  4- 6 |  7- 9 || total
-------------------------+-------+-------+-------++-------
Melee: Mace              |    89 |   161 |    18 ||   268
       Bite              |     5 |    12 |       ||    17
Evoke: Wand              |       |     5 |       ||     5
  Use: Potion            |     3 |       |     1 ||     4
 Stab: Sleeping          |     1 |     4 |       ||     5
       Distracted        |       |     1 |       ||     1
Armor: Leather armour    |    37 |    43 |     9 ||    89
Dodge: Dodged            |    39 |    71 |    13 ||   123
Block: Buckler           |    32 |    23 |    10 ||    65
